 Dungeon Crawl Stone Soup version 0.31.0-9-g3a7656b989 (webtiles) character file.

Game seed: 2114031179080200374

25 stipulation the Ruffian (level 3, -2/31 HPs)
             Began as a Ghoul Monk on Jan 25, 2024.
             Killed from afar by Sigmund (7 damage)
             ... with a magic dart
             ... on level 2 of the Dungeon.
             The game lasted 00:00:25 (1112 turns).

stipulation the Ruffian (Ghoul Monk)                Turns: 1112, Time: 00:00:26

Health: -2/31      AC:  2    Str: 16    XL:     3   Next: 4%
Magic:  3/3        EV: 12    Int:  9    God:
Gold:   99         SH:  0    Dex: 11    Spells: 2/2 levels left

rFire   . .          .
                       - Unarmed
rCold   + . .        c - orb {light}
rNeg    + + +        a - +0 robe
rPois   ∞            (no helmet)
rElec   .            (no cloak)
rCorr   .            (no gloves)
SInv    .            (no boots)
Will    .....        f - amulet of the acrobat
Stlth   +            (no ring)
HPRegen 0.00/turn    (no ring)
MPRegen 0.08/turn

%: acrobat
@: inhibited regen, glowing
A: claws 1, cold resistance 1, negative energy resistance 3, inhibited
regeneration, torment resistance 2, devour on kill
a: no special abilities


You were on level 2 of the Dungeon.
You visited 1 branch of the dungeon, and saw 2 of its levels.

You collected 99 gold pieces.

Inventory:

Armour
 a - a +0 robe (worn)
 c - an orb of light (worn)
Jewellery
 f - an amulet of the acrobat (around neck)
Scrolls
 d - a scroll of teleportation {unknown}
 e - 2 scrolls of identify {unknown}
 g - a scroll of noise {unknown}
 h - a scroll of immolation
 k - a scroll of blinking {unknown}
 l - a scroll of butterflies {unknown}
Potions
 b - a potion of ambrosia
 i - a potion of mutation {unknown}
 j - 2 potions of brilliance {unknown}


   Skills:
 - Level 3.2 Fighting
 - Level 2.6 Dodging
 + Level 4.5 Unarmed Combat


You had 2 spell levels left.
You didn't know any spells.
Your spell library contained the following spells:

 Spells                   Type           Power      Damage    Failure   Level
 Static Discharge         Conj/Air       0%         3-3/arc   52%         2
 Airstrike                Air            0%         2d(0-16)  99%         4
 Summon Lightning Spire   Summ/Air       0%         N/A       99%         4


Dungeon Overview and Level Annotations

Branches:
Dungeon (2/15)

Altars:

Annotations:
D:2 Sigmund


Innate Abilities, Weirdness & Mutations

You are immune to poison.
You have sharp fingernails.
Your flesh is cold resistant. (rC+)
You are immune to negative energy. (rN+++)
You do not regenerate when monsters are visible.
You are immune to unholy pain and torment.
You thrive by killing the living.


Message History

Sigmund is nearby!
Sigmund says, "Don't worry, I'll kill you fast."
Sigmund hits you but does no damage.
You see here 3 gold pieces.
Sigmund completely misses you.
You barely miss Sigmund. You claw Sigmund!
Sigmund is moderately wounded.
Sigmund hits you with a +0 scythe!
You are too injured to fight recklessly!
You are too injured to fight recklessly!
You are too injured to fight recklessly!
You are too injured to fight recklessly!
You are too injured to fight recklessly!
You are too injured to fight recklessly!
You are too injured to fight recklessly!
You are too injured to fight recklessly!
You are too injured to fight recklessly!
You are too injured to fight recklessly!
You are too injured to fight recklessly!
You barely miss Sigmund.
Sigmund is moderately wounded.
Sigmund points at you and mumbles some strange words.
The magic dart hits you!
You claw Sigmund!
Sigmund is almost dead.
You scratch Sigmund but do no damage.
Sigmund is almost dead.
Sigmund closely misses you.
You scratch Sigmund.
Sigmund is almost dead.
Sigmund casts a spell at you. The magic dart hits you!
* * * LOW HITPOINT WARNING * * *
You scratch Sigmund but do no damage.
Sigmund is almost dead.
Sigmund gestures at you while chanting. The magic dart hits you!
You die...
Sigmund begins carving another notch in his scythe.

####### # .....####
#. #.......#
#.#+##.##.##.#
#............#
#.......#.#$.##
#.......#.#.@.#
###...[.###.###@#
+.......#.....#...
###.....#######...#
#####.~≈≈≈≈≈~.....
#.#######......
#.#.....#.......
#.###.###.#+####
#...#.#.....


You could see Sigmund.

Vanquished Creatures
  2 bats (D:1)
  3 endoplasms
  A giant cockroach (D:1)
  5 hobgoblins (D:1)
  3 ball pythons (D:1)
  3 goblins (D:1)
  3 kobolds (D:1)
  3 rats
23 creatures vanquished.

Notes
Turn   | Place    | Note
-------+----------+-------------------------------------------
     0 | D:1      | stipulation the Ghoul Monk began the quest for the Orb.
     0 | D:1      | Reached XP level 1. HP: 19/19 MP: 1/1
   300 | D:1      | Reached XP level 2. HP: 26/26 MP: 2/2
   329 | D:1      | Reached skill level 4 in Unarmed Combat
   470 | D:1      | Found a faded altar of an unknown god.
  1026 | D:2      | Reached XP level 3. HP: 31/31 MP: 3/3
  1102 | D:2      | Noticed Sigmund
  1112 | D:2      | Killed from afar by Sigmund

Illustrated notes

Levels and vault maps discovered:
D:1:      dpeg_arrival_rooms_with_view, layout_loops_corners,
          hellmonk_ecumenical_altar_blasted, minmay_statues_item,
          minmay_pentomino_r4
D:2:      layout_basic, grunt_decor_cap, corexii_corridor_pit, eino_curves_01,
          uniq_sigmund

Skill      XL: |  1  2 |
---------------+-------+-----
Unarmed Combat | 4 |  4.5
Fighting       | |  3.2
Dodging        | |  2.6

Action                     || total
---------------------------++-------
  Melee: Unarmed           ||    62
 Armour: Robe              ||    26
  Dodge: Dodged            ||    35
